 Dungeon Crawl Stone Soup version 0.24.0-123-gd5b16e6ec5 (webtiles) character file.

Game seed: 13125671893168020182, levelgen mode: deterministic

595 Martska the Ducker (level 7, -3/52 HPs)
             Began as a Merfolk Ice Elementalist on Jan 29, 2020.
             Was an Initiate of the Shining One.
             Slain by a killer bee (9 damage)
             ... on level 5 of the Dungeon.
             The game lasted 00:19:10 (6754 turns).

Martska the Ducker (Merfolk Ice Elementalist)       Turns: 6754, Time: 00:19:12

Health: -3/52      AC:  5    Str:  8    XL:     7   Next: 40%
Magic:  9/12       EV: 14    Int: 14    God:    the Shining One [......]
Gold:   144        SH:  0    Dex: 17    Spells: 5/13 levels left

rFire    . . .     SeeInvis .   p - +1 halberd
rCold    . . .     Gourm    .   (shield currently unavailable)
rNeg     . . .     Faith    +   t - +1 leather armour
rPois    .         Spirit   .   (no helmet)
rElec    .         Reflect  .   (no cloak)
rCorr    .         Harm     .   j - +0 pair of gloves
MR       .....                  (no boots)
Stlth    +.........             z - amulet of faith
HPRegen  0.17/turn              (no ring)
MPRegen  0.13/turn              (no ring)

@: about to teleport, very slightly contaminated, glowing
A: change form in water, swift swim, stealthy swim
a: Renounce Religion


You were on level 5 of the Dungeon.
You worshipped the Shining One.
The Shining One was noncommittal.
You were not hungry.

You visited 2 branches of the dungeon, and saw 7 of its levels.

You collected 144 gold pieces.

Inventory:

Hand Weapons
 b - a +0 dagger
 p - a +1 halberd (weapon)
Armour
 a - a +0 robe
 j - a +0 pair of gloves (worn)
 q - a +0 pair of gloves
 t - a +1 leather armour (worn)
 A - a +0 robe
Magical Staves
 r - an uncursed staff of earth {unknown}
Jewellery
 v - a +5 ring of strength {unknown}
 w - an uncursed ring of ice
 z - an amulet of faith (around neck)
Wands
 c - a wand of random effects (20)
 m - a wand of enslavement (11)
Scrolls
 f - 2 scrolls of blinking
 i - a scroll of immolation {unknown}
 n - 4 scrolls of remove curse {unknown}
 o - 3 scrolls of amnesia
 x - a scroll of identify
 y - a scroll of noise {unknown}
Potions
 d - a potion of curing
 g - 3 potions of flight
 h - a potion of cancellation {unknown}
 k - a potion of heal wounds {unknown}
 s - a potion of agility {unknown}
 u - 3 potions of mutation {unknown}
 B - a potion of berserk rage {unknown}
Comestibles
 l - 2 rations


   Skills:
 + Level 3.3 Fighting
 + Level 3.7 Polearms
 + Level 5.1 Dodging
 - Level 4.0 Stealth
 + Level 3.5 Spellcasting
 - Level 0.7 Conjurations
 + Level 4.7 Ice Magic


You had 5 spell levels left.
You knew the following spells:

 Your Spells              Type           Power        Failure   Level  Hunger
a - Freeze                Ice            ###.         4%          1    #......
b - Ozocubu's Armour      Chrm/Ice       #.......     32%         3    ###....
c - Throw Icicle          Conj/Ice       ##......     67%         4    #####..

Your spell library contained the following spells:

 Spells                   Type           Power        Failure   Level  Hunger
 Throw Frost              Conj/Ice       ##....       14%         2    ##.....
 Summon Ice Beast         Ice/Summ       #.......     73%         4    #####..


Dungeon Overview and Level Annotations

Branches:
Dungeon (6/15)             Temple (1/1) D:4

Altars:
Ashenzari
Dithmenos
Elyvilon
Fedhas
Hepliaklqana
Nemelex Xobeh
Okawaru
Qazlal
Sif Muna
Uskayaw
Xom
Yredelemnul
Zin
The Shining One


Message History

* * * LOW HITPOINT WARNING * * *
You are poisoned.
The killer bee poisons you!
A killer bee comes into view.
You feel better.
A killer bee comes into view.
The killer bee stings you.
* * * LOW HITPOINT WARNING * * *
An adder comes into view.
The orc hits you but does no damage. The killer bee stings you!
* * * LOW HITPOINT WARNING * * *
An ogre comes into view. It is wielding a +0 giant club.
The killer bee moves out of view.
As you read the scroll of teleportation, it crumbles to dust.
You feel strangely unstable. The killer bee closely misses you.
The killer bee stings you but does no damage.
The orc hits you.
* * * LOW HITPOINT WARNING * * *
The killer bee stings you!
You die...

#
###########...#
(.....S@y5yy...
#######oyy.....
S####(..# ..
..O %.. # ####


You could see an ogre, 5 killer bees, a crimson imp, 2 adders and an orc.

Vanquished Creatures
  An ogre (D:4)
  A scorpion (D:4)
  A howler monkey (D:6)
  A crimson imp (D:5)
  2 jellies (D:4)
  An orc priest (D:3)
  An orc wizard (D:3)
  Natasha (thrice) (D:2)
  A worker ant (D:5)
  A gnoll (D:2)
  6 adders
  2 oozes
  5 worms
  6 leopard geckos
  9 orcs
  12 bats
  4 giant cockroaches
  3 hobgoblins (D:2)
  An iguana (D:4)
  2 jackals (D:2)
  4 quokkas
  A ball python (D:1)
  A ball python zombie (D:5)
  3 frilled lizards
  8 goblins
  7 kobolds
  7 rats
94 creatures vanquished.

Notes
Turn   | Place    | Note
-------+----------+-------------------------------------------
     0 | D:1      | Martska the Merfolk Ice Elementalist began the quest for
                  | the Orb.
     0 | D:1      | Reached XP level 1. HP: 13/13 MP: 3/3
   363 | D:1      | Reached XP level 2. HP: 17/20 MP: 3/5
   413 | D:1      | Reached skill level 3 in Dodging
  1175 | D:2      | Reached skill level 1 in Fighting
  1175 | D:2      | Reached XP level 3. HP: 19/26 MP: 1/6
  1631 | D:2      | Noticed Natasha
  1742 | D:2      | Reached XP level 4. HP: 32/32 MP: 2/7
  2340 | D:2      | Killed Natasha
  2340 | D:2      | Reached skill level 1 in Polearms
  2575 | D:2      | Noticed Natasha
  2588 | D:2      | Killed Natasha
  2588 | D:2      | Reached XP level 5. HP: 10/38 MP: 2/9
  3380 | D:3      | Reached skill level 4 in Dodging
  3409 | D:3      | Found a sparkling altar of Nemelex Xobeh.
  3842 | D:3      | Found a shimmering altar of Xom.
  3919 | D:3      | Learned a level 3 spell: Ozocubu's Armour
  3924 | D:3      | Learned a level 4 spell: Throw Icicle
  4106 | D:2      | Noticed Natasha
  4118 | D:2      | Killed Natasha
  4118 | D:2      | Reached XP level 6. HP: 24/45 MP: 4/10
  4432 | D:3      | Found a basalt altar of Yredelemnul.
  4435 | D:3      | Found a shadowy altar of Dithmenos.
  4436 | D:3      | Found a blossoming altar of Fedhas.
  4916 | D:4      | Found a glowing silver altar of Zin.
  4988 | D:4      | Found a shimmering altar of Xom.
  5174 | D:4      | Noticed a phantom
  5403 | D:4      | Reached XP level 7. HP: 45/51 MP: 11/11
  5453 | D:4      | Found a staircase to the Ecumenical Temple.
  5461 | Temple   | Entered the Ecumenical Temple
  5477 | Temple   | Became a worshipper of the Shining One
  5619 | D:4      | HP: 1/51 [phantom (5)]
  6221 | D:5      | Entered Level 5 of the Dungeon
  6660 | D:5      | Reached skill level 5 in Dodging
  6754 | D:5      | Slain by a killer bee

Levels and vault maps discovered:
D:1:      psy_arrival_radial01, layout_loops_corners,
          chequers_serial_rivers_micro_c, minmay_tall_x
D:2:      layout_rooms, first_ration, grunt_ministairs_15, cheibrodos_gnoll_hut,
          uniq_natasha
D:3:      layout_loops_corners, minitemple, columned_hall_lemuel,
          nemelex_xobeh_ov_fountains_minmay
D:4:      layout_basic, kennysheep_mini, zin_statuary, temple_doors_e,
          dk_xom_monty_hall
D:5:      layout_basic
D:6:      layout_rooms
Temple:   compressed_dpeg_circular_temple

Skill      XL: |  1  2  3  4  5  6  7 |
---------------+----------------------+-----
Dodging        | 3 4 5 |  5.1
Fighting       | 1 2 3 |  3.3
Stealth        | 3 4 |  4.0
Polearms       | 1 2 3 |  3.7
Ice Magic      | 4 |  4.7
Spellcasting   | 3 |  3.5
Conjurations   | |  0.7

Action                   |  1- 3 |  4- 6 |  7- 9 || total
-------------------------+-------+-------+-------++-------
Melee: Dagger            |    70 |    14 |       ||    84
       Halberd           |       |   158 |    50 ||   208
 Cast: Freeze            |    35 |    52 |    16 ||   103
       Ozocubu's Armour  |       |     2 |       ||     2
  Use: Scroll            |       |     9 |     2 ||    11
       Potion            |       |       |     1 ||     1
 Stab: Sleeping          |     5 |    10 |       ||    15
  Eat: Ration            |     1 |     4 |     1 ||     6
Armor: Robe              |    19 |    11 |       ||    30
       Leather armour    |       |    27 |    14 ||    41
Dodge: Dodged            |    74 |   168 |    46 ||   288
